 Dungeon Crawl Stone Soup version 0.21.1 (webtiles) character file.

71 komo4ek the Conjurer (level 4, -1/24 HPs)
             Began as a Deep Elf Fire Elementalist on Feb 4, 2018.
             Killed from afar by an orc wizard (9 damage)
             ... with a puff of flame
             ... on level 3 of the Dungeon.
             The game lasted 00:05:45 (2105 turns).

komo4ek the Conjurer (Deep Elf Fire Elementalist)   Turns: 2105, Time: 00:05:46

Health: -1/24      AC:  2    Str:  5    XL:     4   Next: 5%
Magic:  3/10       EV: 13    Int: 21    God:
Gold:   92         SH:  0    Dex: 15    Spells: 3/9 levels left

rFire    . . .     SeeInvis .   i - +0 dagger
rCold    . . .     Gourm    .   (no shield)
rNeg     . . .     Faith    .   a - +0 robe
rPois    .         Spirit   .   (no helmet)
rElec    .         Reflect  .   (no cloak)
rCorr    .         Harm     .   (no gloves)
MR       .....                  (no boots)
Stlth    ++........             (no amulet)
HPRegen  0.08/turn              (no ring)
MPRegen  0.12/turn              (no ring)

@: no status effects
A: no striking features
a: no special abilities


You were on level 3 of the Dungeon.
You were not hungry.

You visited 1 branch of the dungeon, and saw 3 of its levels.

You collected 92 gold pieces.

Inventory:

Hand Weapons
 i - a +0 dagger (weapon)
Armour
 a - a +0 robe (worn)
Scrolls
 e - 6 scrolls of teleportation {unknown}
 h - 4 scrolls of identify {unknown}
 k - a scroll of enchant weapon {unknown}
 m - a scroll of remove curse {unknown}
Potions
 d - a potion of flight {unknown}
 f - 3 potions of curing {unknown}
 g - 2 potions of berserk rage {unknown}
 j - a potion of might {unknown}
 l - a potion of degeneration {unknown}
Books
 b - a book of Flames

   Spells                             Type                      Level
   a - Flame Tongue                   Conjuration/Fire             1
   b - Throw Flame                    Conjuration/Fire             2
   c - Conjure Flame                  Conjuration/Fire             3
   d - Inner Flame                    Hexes/Fire                   3
   e - Sticky Flame                   Conjuration/Fire             4
   f - Fireball                       Conjuration/Fire             5
 n - a book of Minor Magic

   Spells                             Type                      Level
   a - Magic Dart                     Conjuration                  1
   b - Blink                          Translocation                2
   c - Call Imp                       Summoning                    2
   d - Slow                           Hexes                        2
   e - Conjure Flame                  Conjuration/Fire             3
   f - Mephitic Cloud                 Conjuration/Poison/Air       3
Comestibles
 c - 2 rations
 o - a chunk of flesh


   Skills:
 - Level 2.4 Dodging
 - Level 2.4 Stealth
 - Level 3.0 Spellcasting
 + Level 4.3 Conjurations
 - Level 3.2 Fire Magic


You had 3 spell levels left.
You knew the following spells:

 Your Spells              Type           Power        Failure   Level  Hunger
a - Flame Tongue          Conj/Fire      ###..        2%          1    None
b - Throw Flame           Conj/Fire      ###...       4%          2    ##.....
c - Conjure Flame         Conj/Fire      ###.....     9%          3    ###....


Dungeon Overview and Level Annotations

Branches:
Dungeon (3/15)

Altars:


Message History

Something tries to affect you, but you resist.
A puff of flame appears from out of thin air!
The puff of flame hits you!
There is an open door here.
You are confused.
You're too confused to move!
You bump into the rock wall.
You bump into the rock wall.
You bump into the rock wall.
You bump into the rock wall.
You feel less confused. Something hits you.
Casting: Flame Tongue
Confirm with . or Enter, or press ? or * to list all spells.
You don't know that spell.
Unknown command.
You hear some strange, mumbled words.
A puff of flame appears from out of thin air!
The puff of flame hits you!
You die...

#.####.... #.#..<....
#.#.#.#.##
.##############.#.#.....
................>.###.##
######.#.#####.#.....#
#.#...# #.#######
#.###.# #.# #@# #.# #.#
#.# #.###.# #.# #.....#
##'#########
#..........#
#..........#
#..........#
#..........#
#..........#


There were no monsters in sight!

Vanquished Creatures
  A gnoll (D:1)
  2 adders (D:2)
  A worm (D:2)
  A dart slug (D:1)
  A leopard gecko (D:1)
  3 orcs (D:3)
  2 bats (D:1)
  3 goblins
  5 hobgoblins
  4 jackals (D:1)
  3 kobolds
  A ball python (D:2)
  5 frilled lizards
  3 rats
35 creatures vanquished.

Notes
Turn   | Place    | Note
-------+----------+-------------------------------------------
     0 | D:1      | komo4ek the Deep Elf Fire Elementalist began the quest for the Orb.
     0 | D:1      | Reached XP level 1. HP: 10/10 MP: 6/6
   233 | D:1      | Reached skill level 2 in Conjurations
   421 | D:1      | Reached XP level 2. HP: 14/15 MP: 4/8
   561 | D:1      | Reached skill level 3 in Conjurations
   777 | D:1      | Reached XP level 3. HP: 19/19 MP: 4/9
   966 | D:1      | Learned a level 2 spell: Throw Flame
   970 | D:1      | Learned a level 3 spell: Conjure Flame
  1208 | D:2      | Found a faded altar of an unknown god.
  1441 | D:2      | Reached skill level 4 in Conjurations
  2079 | D:3      | Reached XP level 4. HP: 24/24 MP: 2/10
  2105 | D:3      | Killed from afar by an orc wizard

Skill      XL: |  1  2  3 |
---------------+----------+-----
Conjurations   | 2 3 4 |  4.3
Dodging        | |  2.4
Stealth        | |  2.4
Spellcasting   | |  3.0
Fire Magic     | |  3.2

Action                   |  1- 3 |  4- 6 || total
-------------------------+-------+-------++-------
Melee: Unarmed           |     1 |       ||     1
 Cast: Flame Tongue      |    62 |     3 ||    65
       Throw Flame       |     2 |       ||     2
  Eat: Chunk             |     3 |       ||     3
Dodge: Dodged            |    17 |       ||    17
